 Dungeon Crawl Stone Soup version 0.19-a0-503-g45a6586 (webtiles) character file.

1259 Duffy the Basher (level 8, -7/69 HPs)
             Began as a Naga Fighter on June 5, 2016.
             Was an Initiate of Makhleb.
             Mangled by a yak (14 damage)
             ... on level 9 of the Dungeon.
             The game lasted 00:08:06 (6888 turns).

Duffy the Basher (Naga Fighter)                     Turns: 6888, Time: 00:08:06

Health: -7/69      AC:  9    Str: 19 (21) XL:     8   Next: 51%
Magic:  8/8        EV:  4    Int:  7 (8)  God:    Makhleb [......]
Gold:   249        SH:  9    Dex:  8 (11) Spells: 0 memorised, 7 levels left

rFire  . . .     SeeInvis +     a - +1 flail
rCold  . . .     Gourm    .     n - +0 chain mail
rNeg   + . .     Faith    .     c - +0 shield
rPois  +         Spirit   .     z - +0 helmet
rElec  .         Dismiss  .     (no cloak)
rCorr  .         Reflect  .     (no gloves)
SustAt .         Harm     .     (no barding)
MR     +....                    (no amulet)
Stlth  ..........               (no ring)
                                m - ring of positive energy

@: very slow, somewhat resistant to hostile enchantments, extremely unstealthy
A: see invisible, deformed body, poison resistance, slowness 2, slow metabolism
1, spit poison 2, AC +2
a: Spit Poison, Renounce Religion


You were on level 9 of the Dungeon.
You worshipped Makhleb.
Makhleb was noncommittal.
You were very hungry.

You visited 2 branches of the dungeon, and saw 9 of its levels.

You collected 249 gold pieces.


Innate Abilities, Weirdness & Mutations

You cannot wear boots.
Your serpentine skin is tough. (AC +2)
You have supernaturally acute eyesight. (SInv)
Armour fits poorly on your strangely shaped body.
Your system is resistant to poisons. (rPois)
You cover ground very slowly.
You have a slow metabolism.
You can spit poison.


   Skills:
 - Level 3.0 Fighting
 + Level 8.0 Maces & Flails
 + Level 3.7 Armour
 - Level 5.0 Shields


You had 7 spell levels left.
You didn't know any spells.

Inventory:

Hand Weapons
 a - a +1 flail (weapon)
 y - a -3 blowgun
Missiles
 h - 36 poisoned needles
Armour
 c - a +0 shield (worn)
 n - a +0 chain mail (worn)
 z - a +0 helmet (worn)
Jewellery
 m - a ring of positive energy (left hand)
 x - a cursed amulet of inaccuracy {unknown}
Wands
 b - a wand of random effects (18/48)
 l - a wand of hasting (3/9)
 F - a wand of lightning (8/15)
Scrolls
 g - 2 scrolls of remove curse
 i - 3 scrolls of enchant armour
 j - 4 scrolls of immolation
 p - 3 scrolls of teleportation
 r - a scroll of random uselessness
 D - a scroll of blinking
Potions
 d - a potion of might
 o - 2 potions of lignification
 q - 2 potions of magic
 s - a potion of berserk rage
 A - a potion of haste
 B - a potion of flight
Comestibles
 f - 5 bread rations
 k - a slice of pizza
 t - a meat ration
 u - a royal jelly
 w - a beef jerky

Dungeon Overview and Level Annotations

Branches:
Dungeon (7/15)             Temple (1/1) D:4

Altars:
Cheibriados
Elyvilon
Fedhas
Gozag
Hepliaklqana
Kikubaaqudgha
Makhleb
Okawaru
Pakellas
Qazlal
Ru
Sif Muna
Trog
Uskayaw
Vehumet
Xom
Yredelemnul
Zin
The Shining One

Shops:
D:9 }

Annotations:
D:5 Prince Ribbit


Message History

The yak gores you.
A yak comes into view.
The yak bellows!
You hit the yak.
The yak is moderately wounded.
The yak gores you. The yak gores you!
A yak comes into view.
Your shield and chain mail prevent you from hitting the yak.
The yak is moderately wounded.
The yak bellows!
You block the yak's attack. x2
Your shield and chain mail prevent you from hitting the yak.
The yak is moderately wounded.
The yak gores you!
Your chain mail prevents you from hitting the yak.
The yak is moderately wounded.
You block the yak's attack. The yak gores you.
The yak gores you but does no damage.
You sock the yak!
The yak is moderately wounded.
The yak gores you. The yak gores you but does no damage. The yak gores you.
You are too injured to fight recklessly!
You are too injured to fight recklessly!
You are too injured to fight recklessly!
You are too injured to fight recklessly!
You are too injured to fight recklessly!
You are too injured to fight recklessly!
You are too injured to fight recklessly!
You are too injured to fight recklessly!
You are too injured to fight recklessly!
You are too injured to fight recklessly!
You are too injured to fight recklessly!
You are too injured to fight recklessly!
You are too injured to fight recklessly!
You are too injured to fight recklessly!
You are too injured to fight recklessly!
You are too injured to fight recklessly!
You hit the yak.
The yak is heavily wounded.
You block the yak's attack. The yak barely misses you.
The yak gores you but does no damage.
You sock the yak!
The yak is lightly wounded.
The yak gores you! The yak gores you. You block the yak's attack.
The yak gores you! The yak barely misses you.
Your shield and chain mail prevent you from hitting the yak.
The yak is lightly wounded.
You block the yak's attack.
The yak gores you but does no damage. x2
The yak gores you!
You die...

#......
#.....
#.....
#....#
#....#
#....#
#.YYY+
#.Y@Y#
#....#
#.$..#
#....######
#..........
##.........
#..........
#...........
#...........


You could see 5 yaks.

Action                   |  1- 3 |  4- 6 |  7- 9 || total
-------------------------+-------+-------+-------++-------
Melee: Flail             |    76 |   276 |   279 ||   631
       Unarmed           |       |       |     8 ||     8
 Abil: Spit Poison       |     4 |    13 |     6 ||    23
Evoke: Wand              |       |       |     4 ||     4
  Use: Potion            |       |     2 |     6 ||     8
       Scroll            |       |     8 |     8 ||    16
  Eat: Chunk             |       |     7 |     9 ||    16
Armor: Scale mail        |    39 |    29 |       ||    68
       Chain mail        |       |   104 |   151 ||   255
       Skin              |       |    19 |    69 ||    88
Dodge: Dodged            |    22 |    44 |    42 ||   108
Block: Shield            |    30 |   167 |   206 ||   403

Notes
Turn   | Place    | Note
--------------------------------------------------------------
     0 | D:1      | Duffy the Naga Fighter began the quest for the Orb.
     0 | D:1      | Reached XP level 1. HP: 21/21 MP: 1/1
   231 | D:1      | Reached XP level 2. HP: 12/28 MP: 2/2
   501 | D:2      | Reached skill level 3 in Shields
   501 | D:2      | Reached XP level 3. HP: 34/34 MP: 3/3
   543 | D:3      | Reached skill level 3 in Maces & Flails
   729 | D:3      | Reached XP level 4. HP: 42/42 MP: 4/4
  1469 | D:3      | Reached XP level 5. HP: 30/49 MP: 5/5
  1472 | D:3      | Reached skill level 4 in Shields
  1693 | D:3      | Found a sacrificial altar of Ru.
  1700 | D:3      | Found an ancient bone altar of Kikubaaqudgha.
  1702 | D:3      | Found a blossoming altar of Fedhas.
  1702 | D:3      | Found a radiant altar of Vehumet.
  1702 | D:3      | Found a shimmering altar of Xom.
  1703 | D:3      | Found a deep blue altar of Sif Muna.
  1974 | D:4      | Noticed Grinder
  2018 | D:4      | Killed Grinder
  2018 | D:4      | Reached skill level 4 in Maces & Flails
  2018 | D:4      | Reached XP level 6. HP: 56/56 MP: 6/6
  3235 | D:2      | Reached skill level 5 in Maces & Flails
  3448 | D:2      | Reached skill level 5 in Shields
  3448 | D:2      | Reached XP level 7. HP: 54/62 MP: 7/7
  4516 | D:3      | Reached skill level 6 in Maces & Flails
  5060 | D:4      | Noticed Robin
  5078 | D:4      | Killed Robin
  5232 | D:4      | Found a staircase to the Ecumenical Temple.
  5248 | Temple   | Entered the Ecumenical Temple
  5471 | Temple   | Became a worshipper of Makhleb the Destroyer
  5528 | D:4      | Reached skill level 7 in Maces & Flails
  5685 | D:4      | Found a stormy altar of Qazlal.
  5809 | D:4      | Reached XP level 8. HP: 31/69 MP: 8/8
  6240 | D:5      | Entered Level 5 of the Dungeon
  6241 | D:5      | Noticed Prince Ribbit
  6259 | D:5      | Noticed Prince Ribbit
  6259 | D:5      | Prince Ribbit changed into Prince Ribbit the raiju
  6531 | D:7      | Noticed Duvessa
  6531 | D:7      | Noticed Dowan
  6547 | D:7      | Killed Duvessa
  6550 | D:7      | Reached skill level 3 in Armour
  6551 | D:7      | Killed Dowan
  6620 | D:7      | You fall through a shaft for 2 floors!
  6620 | D:9      | Found Zeqyud's Gadget Emporium.
  6665 | D:9      | Reached skill level 8 in Maces & Flails
  6877 | D:9      | Noticed a yak
  6878 | D:9      | Noticed a yak
  6880 | D:9      | Noticed a yak
  6881 | D:9      | Noticed a yak
  6882 | D:9      | Noticed a yak
  6888 | D:9      | Mangled by a yak

Skill      XL: |  1  2  3  4  5  6  7  8 |
---------------+-------------------------+-----
Shields        | 3 4 5 |  5.0
Maces & Flails | 3 4 5 7 8 |  8.0
Armour         | 3 |  3.7
Fighting       | |  3.0

Vault maps used:
D:1:      minmay_arrival_stone_box
D:2:      first_bread
D:3:      minitemple
D:4:      kennysheep_mini_moat, minmay_temple_entry_overgrown, uniq_grinder,
          uniq_robin
D:5:      basic_altar, uniq_sigmund, uniq_blork_the_orc, uniq_prince_ribbit1
D:7:      kennysheep_spiral_hall, uniq_duvessa
D:9:      grunt_temple_overflow_diamond, serial_shops, nicolae_shop_trees,
          hangedman_little_slice_of_home, uniq_erolcha
Temple:   eino_temple_water_12

Vanquished Creatures
  Grinder Duvessa
  An orc warrior
  An ogre
  A centaur
  A giant frog Dowan
  A howler monkey
  2 hounds
  2 orc priests
  3 orc wizards
  5 worker ants
  A hound zombie Robin
  12 adders
  A shadow imp
  4 worms
  A dart slug
  2 giant geckos
  12 orcs
  8 bats
  3 giant cockroaches
  9 goblins
  14 hobgoblins
  9 jackals
  9 kobolds
  A ball python
  3 giant newts
  6 rats
116 creatures vanquished.
